 Dungeon Crawl Stone Soup version 0.32-a0-876-gcfddb08e57 (webtiles) character file.

Game seed: 14587205643980104940

16040 jasper the Fighter (level 12, -1/86 HPs)
             Began as a Gargoyle Berserker on Mar 31, 2024.
             Was a High Priest of Trog.
             Slain by a komodo dragon (20 damage)
             ... on level 1 of the Lair of Beasts.
             The game lasted 00:14:52 (11218 turns).

jasper the Fighter (Gargoyle Berserker)            Turns: 11218, Time: 00:14:52

Health: -1/86      AC: 29    Str: 25    XL:     12   Next: 33%
Magic:  12/12      EV:  6    Int:  9    God:    Trog [*****.]
Gold:   294        SH:  0    Dex:  9    Spells: 11/11 levels left

rFire   . . .        I - +2 hand axe (venom)
rCold   + . .        (no shield)
rNeg    + . .        R - +0 plate armour
rPois   ∞            D - +0 helmet
rElec   +            J - +0 cloak
rCorr   .            (no gloves)
SInv    .            C - +2 pair of boots
Will    ++...        (no amulet) Stlth
                     n - +4 ring of protection
HPRegen 1.34/turn    v - ring of protection from cold
MPRegen 0.13/turn

%: no passive effects
@: strong-willed, regenerating, studying Shields
A: sickness immunity, AC +8, negative energy resistance 1, electricity
resistance, torment resistance 1, petrification resistance
a: Renounce Religion, Berserk, Trog's Hand, Brothers in Arms


You were on level 1 of the Lair of Beasts.
You worshipped Trog.
Trog was extremely pleased with you.
You visited 2 branches of the dungeon, and saw 12 of its levels.
You also visited: Ossuary.

You collected 932 gold pieces.
You spent 638 gold pieces at shops.

Inventory:

Hand Weapons
 a - a +1 hand axe of venom
 s - a +0 dire flail
 A - a +1 whip of electrocution
 I - a +2 hand axe of venom (weapon)
 L - the +12 morningstar "Ricwyuff" {freeze, Fly rElec Str-5 Int+4}
   (You found it on level 9 of the Dungeon)

   Str-5:     It affects your strength (-5).
   Int+4:     It affects your intelligence (+4).
   rElec:     It insulates you from electricity.
   Fly:       It grants you flight.
Missiles
 d - 117 stones (quivered)
 e - 32 poisoned darts
 B - a throwing net
 G - 10 boomerangs
 M - 3 curare-tipped darts
Armour
 g - a +0 pair of boots
 k - a +0 chain mail
 C - a +2 pair of boots (worn)
 D - a +0 helmet (worn)
 E - the +0 helmet of Hospitality {Harm rElec}
   (You bought it in a shop on level 7 of the Dungeon)

   rElec:     It insulates you from electricity.
   Harm:      It increases damage dealt and taken.
 F - a +0 chain mail of willpower
 J - a +0 cloak (worn)
 R - a +0 plate armour (worn)
Jewellery
 n - a +4 ring of protection (left hand)
 v - a ring of protection from cold (right hand)
 P - an amulet of regeneration
 T - a ring of magical power
Wands
 j - a wand of flame (46)
 m - a wand of paralysis (6)
 u - a wand of warping (14)
 H - a wand of mindburst (9)
 Q - a wand of polymorph (7)
Scrolls
 h - 2 scrolls of immolation
 i - a scroll of revelation
 o - 10 scrolls of teleportation
 p - a scroll of fog
 q - a scroll of vulnerability
 t - a scroll of noise
 y - a scroll of brand weapon
 N - a scroll of blinking
 O - 2 scrolls of enchant weapon
Potions
 b - 6 potions of curing
 c - 6 potions of enlightenment
 f - 2 potions of resistance
 l - a potion of berserk rage
 r - 5 potions of degeneration
 w - 4 potions of brilliance
 x - a potion of heal wounds
 z - 4 potions of might
 K - a potion of cancellation
 S - a potion of lignification {unknown}


   Skills:
 + Level 14.4 Fighting
 - Level 14.0 Axes
 - Level 2.1 Armour
 - Level 1.5 Dodging


You had 11 spell levels left.
You didn't know any spells.
Your spell library was empty.

Dungeon Overview and Level Annotations

Branches:
Dungeon (11/15)            Temple (0/1) D:5            Lair (1/5) D:9
    Orc (0/2) D:10        Ossuary (visited)

Altars:
Makhleb
Nemelex Xobeh
Sif Muna
Xom

Shops:
D:4 *:?   D:7 [


Innate Abilities, Weirdness & Mutations

You are immune to sickness and miasma.
Your stone body is resilient. (AC +8)
You are immune to poison.
You resist negative energy. (rN+)
You are resistant to electric shocks. (rElec)
You are resistant to unholy torment.
You are immune to petrification.


Message History

You take 11 damage, and have 23/85 hp.
The cane toad barely misses you.
The komodo dragon attacks as it pursues you!
The komodo dragon bites you but does no damage.
Your skin crawls.
You feel strong-willed.
The cane toad stings you but does no damage.
You slash the cane toad!
The cane toad is moderately wounded.
The cane toad barely misses you.
You hit the cane toad.
The cane toad is poisoned.
The cane toad is heavily wounded.
You slash the cane toad!
The cane toad is severely wounded.
The cane toad stings you but does no damage.
You hit the cane toad but do no damage.
The cane toad looks as sick as possible!
The cane toad is severely wounded.
The cane toad closely misses you.
You hit the cane toad but do no damage.
The cane toad is severely wounded.
The cane toad barely misses you.
You barely miss the cane toad.
The cane toad is almost dead.
You hit the cane toad but do no damage.
The cane toad is almost dead.
The cane toad stings you!
* * * LOW HITPOINT WARNING * * *
You take 14 damage, and have 16/85 hp.
You hit the cane toad but do no damage.
The cane toad looks as sick as possible!
The cane toad is almost dead.
The cane toad stings you but does no damage.
You slash the cane toad!
You kill the cane toad!
Trog accepts your kill.
You hit the komodo dragon.
The komodo dragon is almost dead.
The komodo dragon bites you!!
You die...

............ ## .
.........P..#..# ..
#...........#..#...
........#..#....
...$....#.....#....
.......?#..........
#
........#..####....
#..####.##.#.......#
#....@lF......<....#
#..#+###...........#
#. #...........# #.
#F..........# #..
#......>....#
#..###+#...........#
#......†...######..#
#...........# ...
#..........##


You could see a komodo dragon (very poisoned) and a bullfrog.

Vanquished Creatures
  5 two-headed ogres (D:9)
  Amaemon (D:10)
  Nergalle (D:11)
  Pikel (D:6)
  An ugly thing (D:9)
  A cyclops (D:11)
  An elephant (D:9)
  Maurice (D:8)
  Joseph (D:7)
  An orange demon (D:10)
  A cane toad (Lair:1)
  Maggie (D:8)
  3 kobold demonologists
  A komodo dragon (Lair:1)
  A troll (D:9)
  A troll (shapeshifter) (D:9)
  Grinder (D:6)
  Prince Ribbit (D:6)
  3 hornets
  4 yaks (Lair:1)
  3 wraiths (D:11)
  A vampire (D:11)
  A basilisk (D:9)
  2 wyverns
  6 vampire mosquitoes
  2 steam dragons
  A basilisk (shapeshifter) (D:9)
  An acid dragon (D:8)
  5 water moccasins
  Duvessa (D:5)
  A black bear (D:9)
  3 orc warriors
  An ice beast (D:8)
  3 sky beasts
  A black bear (shapeshifter) (D:9)
  A crocodile (D:9)
  2 centaurs
  2 bullfrogs
  5 kobold brigands
  A scorpion (D:7)
  Dowan (D:5)
  7 howler monkeys
  3 hounds
  2 jellies
  2 bombardier beetles
  4 gnoll boudas
  A human zombie (Ossuary)
  4 orc priests
  4 sleepcaps
  2 iguanas
  4 orc wizards
  Terence (D:2)
  A hound zombie (Ossuary)
  4 mummies (Ossuary)
  20 gnolls
  2 adders
  A shadow imp (D:7)
  2 white imps
  4 ufetubi (D:5)
  3 adder zombies (Ossuary)
  A dart slug (D:1)
  3 ribbon worms
  39 orcs
  5 ball pythons
  7 endoplasms
  4 giant cockroaches
  A gnoll zombie (Ossuary)
  3 goblins
  7 hobgoblins
  3 jackals (D:1)
  18 kobolds
  4 quokkas
  3 bats
  A frilled lizard (D:1)
  A goblin zombie (Ossuary)
  A hobgoblin zombie (Ossuary)
  3 orc zombies (Ossuary)
  2 rats
  A rat zombie (Ossuary)
253 creatures vanquished.

Vanquished Creatures (others)
  A howler monkey (D:9)
  An endoplasm (D:2)
2 creatures vanquished.

Grand Total: 255 creatures vanquished

Notes
Turn   | Place    | Note
-------+----------+-------------------------------------------
     0 | D:1      | jasper the Gargoyle Berserker began the quest for the Orb.
     0 | D:1      | Reached XP level 1. HP: 14/14 MP: 1/1
   127 | D:1      | Reached XP level 2. HP: 19/19 MP: 2/2
   385 | D:1      | Reached XP level 3. HP: 23/23 MP: 3/3
   392 | D:1      | Reached ** piety under Trog
  1450 | D:2      | Noticed Terence
  1457 | D:2      | Killed Terence
  1458 | D:2      | Reached XP level 4. HP: 26/28 MP: 4/4
  2522 | D:3      | Found a shimmering altar of Xom.
  2790 | D:4      | Found Geraum's Book Shop.
  2810 | D:4      | Found Fock's CLEARANCE SALE!.
  2885 | D:4      | Found Hofaisod's Magic Scroll Shoppe.
  2908 | D:4      | Bought a scroll of fog for 56 gold pieces
  2908 | D:4      | Bought a scroll of teleportation for 42 gold pieces
  2908 | D:4      | Bought a scroll of teleportation for 42 gold pieces
  2908 | D:4      | Bought a scroll of vulnerability for 56 gold pieces
  2978 | D:4      | Found a sparkling altar of Nemelex Xobeh.
  3071 | D:4      | Reached skill level 5 in Axes
  3125 | D:4      | Noticed an orc warrior
  3136 | D:4      | Killed an orc warrior
  3137 | D:4      | Reached XP level 5. HP: 32/32 MP: 5/5
  3329 | D:4      | Reached XP level 6. HP: 37/37 MP: 6/6
  3575 | D:5      | Entered Level 5 of the Dungeon
  3612 | D:5      | Noticed a sky beast
  3636 | D:5      | Killed a sky beast
  3650 | D:5      | Reached XP level 7. HP: 35/41 MP: 7/7
  3677 | D:5      | Noticed Dowan
  3707 | D:5      | Noticed Duvessa
  3716 | D:5      | Killed Duvessa
  3717 | D:5      | Killed Dowan
  3717 | D:5      | Reached *** piety under Trog
  3960 | D:5      | Noticed a vampire mosquito
  3971 | D:5      | Killed a vampire mosquito
  3972 | D:5      | Reached XP level 8. HP: 45/46 MP: 8/8
  4255 | D:5      | Found a staircase to the Ecumenical Temple.
  4785 | D:6      | Noticed Pikel
  4795 | D:6      | Killed Pikel
  4796 | D:6      | Reached skill level 10 in Axes
  4829 | D:6      | Found a sand-covered staircase.
  5028 | Ossuary  | Entered an ossuary
  5363 | D:6      | Noticed Prince Ribbit
  5378 | D:6      | Reached XP level 9. HP: 38/51 MP: 9/9
  5392 | D:6      | Killed Prince Ribbit
  5643 | D:6      | Noticed Grinder
  5656 | D:6      | Killed Grinder
  6060 | D:7      | Reached **** piety under Trog
  6094 | D:7      | Found Ysuap's Antique Armour Emporium.
  6111 | D:7      | Bought an ancient helmet for 247 gold pieces
  6111 | D:7      | Identified the +0 helmet of Hospitality {Harm rElec} (You
                  | bought it in a shop on level 7 of the Dungeon)
  6461 | D:7      | Noticed Joseph
  6487 | D:7      | Killed Joseph
  6710 | D:8      | Noticed Maggie
  6726 | D:8      | Killed Maggie
  6727 | D:8      | Reached XP level 10. HP: 40/56 MP: 10/10
  6871 | D:8      | Noticed Maurice
  6876 | D:8      | Something stole a +1 whip of electrocution
  6877 | D:8      | Something stole 12 poisoned darts
  6882 | D:8      | Something stole 139 gold
  6909 | D:8      | Killed Maurice
  7517 | D:7      | Bought a pair of embroidered boots for 195 gold pieces
  7584 | D:9      | Noticed a two-headed ogre
  7611 | D:9      | Killed a two-headed ogre
  7751 | D:9      | Noticed a two-headed ogre
  7762 | D:9      | Killed a two-headed ogre
  7809 | D:9      | Noticed an entropy weaver
  7816 | D:9      | an entropy weaver changed into a basilisk
  7858 | D:9      | Noticed an elephant
  7873 | D:9      | Killed an elephant
  7919 | D:9      | Reached XP level 11. HP: 68/68 MP: 11/11
  7977 | D:9      | Noticed a two-headed ogre
  7984 | D:9      | Noticed a cyan ugly thing
  7989 | D:9      | Killed a two-headed ogre
  7991 | D:9      | Noticed a two-headed ogre
  7999 | D:9      | Killed a cyan ugly thing
  8014 | D:9      | Killed a two-headed ogre
  8015 | D:9      | Reached skill level 10 in Fighting
  8108 | D:9      | Identified the +12 morningstar "Ricwyuff" {freeze, Fly
                  | rElec Str-5 Int+4}
  8487 | D:9      | Noticed a two-headed ogre
  8494 | D:9      | Killed a two-headed ogre
  8559 | D:9      | Found a staircase to the Lair.
  9081 | D:10     | Entered Level 10 of the Dungeon
  9444 | D:10     | Noticed Amaemon
  9464 | D:10     | Killed Amaemon
  9464 | D:10     | Reached ***** piety under Trog
  9478 | D:10     | Found a staircase to the Orcish Mines.
  9918 | D:10     | Found a shimmering blue altar of Sif Muna.
  9927 | D:10     | Found a burning altar of Makhleb.
 10153 | D:11     | Noticed Nergalle
 10170 | D:11     | Killed Nergalle
 10171 | D:11     | Reached XP level 12. HP: 30/84 MP: 12/12
 10542 | D:11     | Noticed a soul eater
 10652 | D:11     | Found a shimmering blue altar of Sif Muna.
 11069 | Lair:1   | Entered Level 1 of the Lair of Beasts
 11218 | Lair:1   | Slain by a komodo dragon

Illustrated notes

Levels and vault maps discovered:
D:1:      nicolae_arrival_washed_ashore, layout_basic
D:2:      layout_loops_corners, minmay_misc_feat_roman, uniq_terence
D:3:      layout_rooms, mainiacjoe_overflow_small_starburst
D:4:      layout_gridville, nemelex_xobeh_ov_fountains_minmay, serial_shops,
          nicolae_shop_hallway_stairs, nicolae_shop_hallway_stairs,
          nicolae_shop_clearance
D:5:      layout_basic, lemuel_temple_firewalk_a, minmay_manual_monolith,
          uniq_duvessa
D:6:      layout_basic, nicolae_ossuary_entry_false_entrances,
          uniq_prince_ribbit1, uniq_grinder, uniq_pikel
D:7:      layout_rooms, serial_shops, shop_fountains, uniq_joseph
D:8:      layout_loops_ring, uniq_maggie, uniq_maurice
D:9:      regret_index_malice_mire, layout_basic, david_lair_generic
D:10:     layout_basic, mainiacjoe_overflow_swirl, uniq_amaemon
D:11:     layout_irregular_city, hex_medium, lemuel_blue_sif_altar,
          uniq_nergalle
Lair:1:   layout_chaotic_city, nicolae_quartered_pool_little

Skill      XL: |  1  2  3  4  5  6  7  8  9 10 11 12 |
---------------+-------------------------------------+-----
Axes           | 3 4 5 6 7 8 10 12 14 | 14.0
Fighting       | 7 13 14 | 14.4
Armour         | |  2.1
Dodging        | |  1.5

Action                     |  1- 3 |  4- 6 |  7- 9 | 10-12 || total
---------------------------+-------+-------+-------+-------++-------
  Melee: Hand axe          |    88 |   148 |   330 |   499 ||  1065
 Invoke: Berserk           |     1 |     1 |     2 |     7 ||    11
         Trog's Hand       |       |       |     2 |     5 ||     7
  Evoke: Wand              |       |       |       |    12 ||    12
    Use: Scroll            |       |     4 |    11 |     4 ||    19
 Armour: Animal skin       |    58 |       |       |       ||    58
         Chain mail        |       |   133 |   239 |   305 ||   677
         Plate armour      |       |       |       |   198 ||   198
  Dodge: Dodged            |    61 |    43 |    98 |   171 ||   373

Table legend: (Time is in decaauts)
 A = Elapsed time spent in this place.
 B = Non-inter-level travel time spent in this place.
 C = Inter-level travel time spent in this place.
 D = Time resting spent in this place.
 E = Time spent auto-exploring this place.
 F = Levels seen in this place.
 G = Mean time per level.
                   A        B        C        D        E       F      G
               +--------+--------+--------+--------+--------+-----+--------+
         Total |  11056 |  10532 |    524 |    326 |   8191 |  13 |  850.5 |
       Dungeon |  10626 |  10103 |    523 |    326 |   7925 |  11 |  966.0 |
          Lair |    133 |    133 |      0 |      0 |     93 |   1 |  133.0 |
       Ossuary |    295 |    295 |      0 |      0 |    173 |   1 |  295.0 |
               +--------+--------+--------+--------+--------+-----+--------+

Top non-repeatable levels by time:
     D:9: 1481 daAuts
     D:1: 1255 daAuts
     D:2: 1095 daAuts
     D:5: 1046 daAuts
    D:11: 1025 daAuts
     D:6: 943 daAuts
    D:10: 907 daAuts
     D:8: 834 daAuts
     D:4: 792 daAuts
     D:7: 776 daAuts
     D:3: 467 daAuts
 Ossuary: 295 daAuts
  Lair:1: 133 daAuts
